 Dungeon Crawl Stone Soup version 0.30.0-15-g856e2d3f33 (webtiles) character file.

Game seed: 1224182507727229566

11622 hito the Fiendish (level 11, -2/94 HPs)
             Began as a Hill Orc Monk on May 19, 2023.
             Was a Priest of Makhleb.
             Slain by a catoblepas (13 damage)
             ... while petrified by a catoblepas
             ... on level 1 of the Lair of Beasts.
             The game lasted 00:31:35 (15161 turns).

hito the Fiendish (Hill Orc Monk)                  Turns: 15161, Time: 00:31:36

Health: -2/94      AC: 15    Str: 25    XL:     11   Next: 80%
Magic:  22/22      EV:  2    Int: 10    God:    Makhleb [***...]
Gold:   1063       SH:  0    Dex: 13    Spells: 10/10 levels left

rFire   . . .        r - +0 war axe
rCold   . . .        d - orb {light}
rNeg    + + +        K - +5 ring mail "Iphoug" {rN+}
rPois   ∞            (no helmet)
rElec   .            L - +0 cloak
rCorr   .            D - +0 pair of gloves
SInv    +            S - +0 pair of boots
Will    .....        F - amulet of magic regeneration
Stlth   +            m - ring of see invisible
HPRegen 0.35/turn    J - +6 ring of strength
MPRegen 0.58/turn

%: no passive effects
@: petrified, glowing
A: no striking features
a: Renounce Religion, Minor Destruction, Lesser Servant of Makhleb


You were on level 1 of the Lair of Beasts.
You worshipped Makhleb.
Makhleb was most pleased with you.
You visited 4 branches of the dungeon, and saw 15 of its levels.

You collected 1063 gold pieces.

Inventory:

Hand Weapons
 a - a +0 hand axe
 e - a +0 sling
 r - a +0 war axe (weapon)
Armour
 d - an orb of light (worn)
 k - a +2 pair of boots
 l - an orb of wrath
 D - a +0 pair of gloves (worn)
 K - the +5 ring mail "Iphoug" (worn) {rN+}
   (You found it on level 7 of the Dungeon)

   rN:        It protects you from negative energy.
 L - a +0 cloak (worn)
 S - a +0 pair of boots (worn)
Jewellery
 m - a ring of see invisible (left hand)
 F - an amulet of magic regeneration (around neck)
 J - a +6 ring of strength (right hand)
Wands
 w - a wand of charming (12)
 O - a wand of roots (11)
 P - a wand of light (8)
 Q - a wand of flame (3)
Scrolls
 h - 2 scrolls of noise {unknown}
 q - 2 scrolls of fear {unknown}
 u - 6 scrolls of teleportation {unknown}
 v - 3 scrolls of vulnerability {unknown}
 x - a scroll of immolation
 y - a scroll of poison {unknown}
 A - 2 scrolls of magic mapping
 B - a scroll of summoning
 C - 2 scrolls of blinking {unknown}
 H - 3 scrolls of enchant armour {unknown}
 I - 3 scrolls of fog
 M - 3 scrolls of silence {unknown}
Potions
 c - a potion of ambrosia
 f - 3 potions of heal wounds
 g - 4 potions of lignification
 i - a potion of berserk rage
 j - 3 potions of invisibility
 n - 4 potions of might
 o - 4 potions of curing
 s - 2 potions of haste
 t - 3 potions of attraction
 z - a potion of brilliance
 G - a potion of resistance
 N - a potion of mutation


   Skills:
 - Level 8.0 Fighting
 + Level 14.2 Axes
 - Level 7.2 Armour
 - Level 4.0 Dodging
 + Level 14.8 Invocations


You had 10 spell levels left.
You didn't know any spells.
Your spell library contained the following spells:

 Spells                   Type           Power      Damage    Failure   Level
 Blink                    Tloc           0%         N/A       63%         2
 Ensorcelled Hibernation  Hex/Ice        0%         N/A       63%         2
 Sublimation of Blood     Necr           0%         N/A       63%         2
 Wereblood                Tmut           0%         N/A       63%         2
 Ignite Poison            Fire/Tmut/Pois 0%         N/A       86%         3
 Inner Flame              Hex/Fire       0%         N/A       86%         3
 Spider Form              Tmut/Pois      0%         N/A       86%         3
 Vhi's Electric Charge    Tloc/Air       0%         N/A       86%         3
 Volatile Blastmotes      Fire/Tloc      0%         2d10      86%         3
 Anguish                  Hex/Necr       0%         N/A       99%         4
 Animate Dead             Necr           0%         N/A       99%         4
 Fulminant Prism          Conj/Hex       0%         3d5       99%         4
 Iskenderun's Mystic Bla  Conj/Tloc      0%         2d3       99%         4
 Manifold Assault         Tloc           0%         N/A       99%         4
 Petrify                  Tmut/Erth      0%         N/A       99%         4
 Sticky Flame             Conj/Fire      0%         2d3       99%         4
 Arcjolt                  Conj/Air       0%         1d10      100%        5
 Irradiate                Conj/Tmut      0%         3d11      100%        5
 Lee's Rapid Deconstruct  Erth           0%         3d4*      100%        5
 Yara's Violent Unravell  Hex/Tmut       0%         3d3       100%        5
 Dispersal                Tloc           0%         N/A       100%        6
 Plasma Beam              Fire/Air       0%         2x1d11    100%        6
 Enfeeble                 Hex            0%         N/A       100%        7
 Haunt                    Necr/Summ      0%         N/A       100%        7
 Malign Gateway           Summ/Tloc      0%         N/A       100%        7
 Storm Form               Tmut/Air       0%         N/A       100%        7
 Summon Hydra             Summ           0%         N/A       100%        7
 Disjunction              Tloc           0%         N/A       100%        8
 Ignition                 Fire           0%         3d3       100%        8
 Infestation              Necr           0%         N/A       100%        8
 Summon Horrible Things   Summ           0%         N/A       100%        8


Dungeon Overview and Level Annotations

Branches:
Dungeon (11/15)            Temple (1/1) D:7            Lair (1/5) D:9
    Orc (2/2) D:11            Elf (0/3) Orc:2

Altars:
Ashenzari
Cheibriados
Dithmenos
Elyvilon
Fedhas
Gozag
Hepliaklqana
Kikubaaqudgha
Makhleb
Nemelex Xobeh
Qazlal
Ru
Sif Muna
Trog
Uskayaw
Wu Jian
Xom
Zin
The Shining One
Beogh

Annotations:
D:3 exclusion: downstairs
D:5 4 transporters, BlasphemerAmon's ghost, novice FoFi
D:8 3 runed translucent doors, exclusions: downstairs and orange crystal statue, turdburglar's ghost, journeyman TrEE


Message History

You hit the catoblepas.
The catoblepas is severely wounded.
The catoblepas breathes a plume of calcifying dust at you.
The blast of calcifying dust hits you but does no damage.
You hit the catoblepas but do no damage.
The catoblepas is severely wounded.
You are engulfed in calcifying dust.
You slash the catoblepas!
The catoblepas is almost dead.
You are engulfed in calcifying dust.
The catoblepas closely misses you.
You slash the catoblepas!
The catoblepas is almost dead.
You slash the yak!
You are engulfed in calcifying dust.
You are slowing down.
Unknown command.
The yak attacks as you move away! The yak gores you! The catoblepas gores you!
The catoblepas gores you!!
The yak is engulfed in calcifying dust.
The yak is moving more slowly.
The yak gores you.
Your limbs are stiffening.
You hit the catoblepas but do no damage.
The catoblepas is almost dead.
You catch the helpless yak completely off-guard!
You slash the yak!
The yak is engulfed in calcifying dust.
The yak stops moving altogether!
The catoblepas breathes a plume of calcifying dust at you.
The blast of calcifying dust hits you but does no damage.
You have turned to stone.
You are engulfed in calcifying dust.
The yak is engulfed in calcifying dust.
The catoblepas gores you!!
You are engulfed in calcifying dust.
The yak is engulfed in calcifying dust.
The catoblepas breathes a plume of calcifying dust at you.
The blast of calcifying dust hits you but does no damage.
You are engulfed in calcifying dust.
The catoblepas gores you.
You are engulfed in calcifying dust.
The catoblepas gores you but does no damage.
You are engulfed in calcifying dust.
The catoblepas gores you!!
* * * LOW HITPOINT WARNING * * *
You are engulfed in calcifying dust.
The catoblepas gores you!!
* * * LOW HITPOINT WARNING * * *
The catoblepas gores you!!
You die...

######## #
##.#.#..######.#
##......#.......#
##.............#.#
##......##.......#
##.....####.@##....
#....### #YY# ##.
###....# ##.## .#
##..#.### #...#
..## ##....## #.†##
...# #....## ##...#
#..## ....##
##...P##.#..##.
...##
#..........#...
..##
###.............


You could see a catoblepas and a yak (petrified).

Vanquished Creatures
  A two-headed ogre (D:10)
  An orc sorcerer (Orc:1)
  A gargoyle (D:10)
  A cane toad (Lair:1)
  2 komodo dragons
  Grinder (D:4)
  A wraith (D:10)
  2 shadows (D:10)
  A vampire (D:11)
  5 humans (D:9)
  10 yaks
  2 steam dragons
  Eustachio (D:4)
  4 vampire mosquitoes (D:10)
  6 wargs
  A water moccasin (Lair:1)
  An orc warrior (D:4)
  2 sky beasts
  2 ogres (Orc:1)
  4 centaurs
  2 kobold brigands
  5 bullfrogs
  3 scorpions
  7 wights
  17 killer bees
  5 howler monkeys
  Crazy Yiuf (D:6)
  10 hounds
  2 gnoll boudas
  6 orc priests
  A jelly (D:7)
  15 orc wizards
  Ijyb (D:3)
  Terence (D:3)
  3 iguanas
  26 gnolls
  9 adders
  4 shadow imps
  4 white imps
  3 dart slugs
  42 orcs
  8 endoplasms
  7 giant cockroaches
  14 goblins
  10 hobgoblins
  8 jackals
  3 quokkas
  2 ball pythons
  7 bats
  4 frilled lizards
  7 kobolds
  3 rats
289 creatures vanquished.

Vanquished Creatures (collateral kills)
  2 yaks (Lair:1)
  A wyvern (D:8)
  An orc warrior (D:9)
  A killer bee (D:9)
  A howler monkey (D:9)
  An orc wizard (D:8)
  An orc (D:8)
8 creatures vanquished.

Grand Total: 297 creatures vanquished

Notes
Turn   | Place    | Note
-------+----------+-------------------------------------------
     0 | D:1      | hito the Hill Orc Monk began the quest for the Orb.
     0 | D:1      | Reached XP level 1. HP: 19/19 MP: 1/1
   180 | D:1      | Reached XP level 2. HP: 27/27 MP: 2/2
   476 | D:1      | Reached XP level 3. HP: 33/34 MP: 3/3
   762 | D:2      | Reached skill level 5 in Axes
  1200 | D:2      | Reached XP level 4. HP: 41/41 MP: 4/4
  1641 | D:3      | Reached skill level 5 in Fighting
  1978 | D:3      | Reached XP level 5. HP: 48/48 MP: 5/5
  2948 | D:3      | Noticed Terence
  2961 | D:3      | Killed Terence
  3053 | D:3      | Reached skill level 1 in Armour
  3053 | D:3      | Reached XP level 6. HP: 36/56 MP: 6/6
  3205 | D:3      | Noticed Ijyb
  3221 | D:3      | Killed Ijyb
  3534 | D:4      | Noticed Eustachio
  3548 | D:4      | Killed Eustachio
  3626 | D:4      | Noticed an orc warrior
  3696 | D:3      | Reached XP level 7. HP: 61/61 MP: 7/7
  4545 | D:4      | Noticed Grinder
  4551 | D:4      | Paralysed by Grinder for 3 turns
  4566 | D:4      | Killed Grinder
  4567 | D:4      | Reached skill level 5 in Armour
  4567 | D:4      | Reached XP level 8. HP: 57/73 MP: 8/8
  5050 | D:5      | Entered Level 5 of the Dungeon
  5231 | D:5      | Found a transporter.
  5305 | D:5      | Found a transporter.
  5306 | D:5      | Noticed BlasphemerAmon's ghost (novice FoFi)
  5308 | D:5      | Identified the +4 dire flail "Jatroqod" {flame, Will+}
  5309 | D:5      | Found a transporter.
  6221 | D:5      | Found a transporter.
  6501 | D:6      | Reached skill level 10 in Axes
  6643 | D:6      | Reached XP level 9. HP: 81/81 MP: 9/9
  7182 | D:6      | Found a runed translucent door.
  7183 | D:6      | Noticed Crazy Yiuf
  7190 | D:6      | Killed Crazy Yiuf
  7776 | D:7      | Found a staircase to the Ecumenical Temple.
  7785 | Temple   | Entered the Ecumenical Temple
  7854 | Temple   | Became a worshipper of Makhleb the Destroyer
  7854 | Temple   | Reached * piety under Makhleb
  7854 | Temple   | Reached ** piety under Makhleb
  8048 | D:7      | Reached skill level 1 in Invocations
  8068 | D:7      | Identified the +5 ring mail "Iphoug" {rN+}
  8350 | D:7      | Reached skill level 5 in Invocations
  8881 | D:7      | Found an opulent altar of Gozag.
  9249 | D:8      | Found a runed translucent door.
  9356 | D:8      | Reached XP level 10. HP: 88/88 MP: 16/16
  9356 | D:8      | Found the +10 tower shield of Ignorance {rN+ Int-4}
  9361 | D:8      | Found a runed translucent door.
  9570 | D:8      | Found a runed translucent door.
  9571 | D:8      | Noticed an orange crystal statue
  9639 | D:8      | Noticed turdburglar's ghost (journeyman TrEE)
  9921 | D:8      | Reached *** piety under Makhleb
 10570 | D:9      | Reached skill level 10 in Invocations
 10813 | D:9      | Found a staircase to the Lair.
 11597 | D:10     | Entered Level 10 of the Dungeon
 12064 | D:10     | Reached XP level 11. HP: 90/94 MP: 20/20
 12295 | D:10     | Noticed a two-headed ogre
 12308 | D:10     | Killed a two-headed ogre
 13211 | D:11     | Found a staircase to the Orcish Mines.
 14208 | Orc:1    | Entered Level 1 of the Orcish Mines
 14225 | Orc:2    | Entered Level 2 of the Orcish Mines
 14225 | Orc:2    | Found a staircase to the Elven Halls.
 14249 | Orc:1    | Found a roughly hewn altar of Beogh.
 14392 | Orc:1    | Noticed an orc sorcerer
 14430 | Orc:1    | Killed an orc sorcerer
 14430 | Orc:1    | Reached **** piety under Makhleb
 14724 | Orc:1    | Found a roughly hewn altar of Beogh.
 14732 | Orc:1    | Noticed an orc warlord
 14957 | Lair:1   | Entered Level 1 of the Lair of Beasts
 15110 | Lair:1   | Noticed a catoblepas
 15161 | Lair:1   | Slain by a catoblepas

Illustrated notes

Levels and vault maps discovered:
D:1:      eino_arrival_tree_alley, layout_loops_ring, nrook_mini_vaults,
          minivault_11
D:2:      layout_rooms, minmay_tree_intersection
D:3:      layout_loops_corners, roderic_serpentine_path, uniq_terence, uniq_ijyb
D:4:      kennysheep_the_goblin_king, layout_loops_ring, uniq_grinder,
          uniq_eustachio
D:5:      gammafunk_cloud_chamber, layout_basic, gammafunk_ghost_smash
D:6:      hellmonk_ruined_rings, layout_loops_ring, uniq_crazy_yiuf_cottage
D:7:      layout_basic, grunt_gozag_breadcrumbs, minmay_temple_entry_mist,
          minmay_increasing_density
D:8:      layout_loops_ring, hellmonk_ghost_happy_afterlife,
          chequers_guarded_unrand_ignorance
D:9:      layout_roguey, david_lair_shrubbed, minmay_ruffians
D:10:     layout_loops_ring
D:11:     layout_roguey, minmay_orc_entry_guard_dogs
Temple:   compressed_dpeg_circular_temple
Lair:1:   layout_concentric_octagons, serial_bayou_shore_b
Orc:1:    orc_temple, layout_diamond_mine, basic_altar, mines1_david
Orc:2:    grunt_orc_gardens, layout_diamond_mine, grunt_orc_garden,
          grunt_orc_garden, grunt_orc_garden, grunt_orc_garden

Skill      XL: |  1  2  3  4  5  6  7  8  9 10 11 |
---------------+----------------------------------+-----
Fighting       | 4 5 7 8 |  8.0
Axes           | 5 6 7 8 10 11 14 | 14.2
Armour         | 1 3 5 6 7 |  7.2
Dodging        | 4 |  4.0
Invocations    | 8 12 14 | 14.8

Action                     |  1- 3 |  4- 6 |  7- 9 | 10-12 || total
---------------------------+-------+-------+-------+-------++-------
  Melee: Hand axe          |   120 |    82 |       |       ||   202
         War axe           |       |    71 |   386 |   421 ||   878
 Invoke: Minor Destruction |       |       |       |    27 ||    27
         Lesser Servant of |       |       |       |     2 ||     2
  Evoke: Wand              |       |       |       |     4 ||     4
    Use: Scroll            |     3 |     4 |     6 |     3 ||    16
         Potion            |       |       |       |     1 ||     1
   Stab: Invisible         |       |       |       |     5 ||     5
         Petrifying        |       |       |       |     1 ||     1
 Armour: Robe              |    28 |     2 |       |       ||    30
         Ring mail         |       |    57 |   191 |   181 ||   429
  Dodge: Dodged            |    82 |    74 |   235 |   244 ||   635
